 Dungeon Crawl Stone Soup version 0.20-a0-345-gbfb25ec (webtiles) character file.

157064 Duffy the Tortoise (level 18, -9/128 HPs)
             Began as a Halfling Fighter on Dec 22, 2016.
             Was a High Priest of Cheibriados.
             Mangled by a naga warrior
             ... wielding a +0 long sword
              (20 damage)
             ... on level 2 of the Snake Pit.
             The game lasted 00:59:42 (40327 turns).

Duffy the Tortoise (Halfling Fighter)              Turns: 40327, Time: 00:59:42

Health: -9/128     AC: 28    Str: 36    XL:     18   Next: 31%
Magic:  6/25       EV: 15    Int: 19    God:    Cheibriados [*****.]
Gold:   944        SH: 18    Dex: 29    Spells: 10/17 levels left

rFire  . . .     SeeInvis .     b - +4 demon blade of Entrepreneurial Spirit {pain, rN+ Stlth+}
rCold  . . .     Gourm    .     X - +2 plate armour {MR+}
rNeg   + . .     Faith    +     c - +0 shield
rPois  +         Spirit   .     (no helmet)
rElec  .         Reflect  .     A - +2 cloak
rCorr  .         Harm     .     s - +0 pair of gloves
MR     ++...                    U - +1 pair of boots
Stlth  ..........               K - amulet of faith
                                (no ring)
                                w - ring of poison resistance

@: lethally poisoned (-9 -> -22), constricted, very slow
A: mutation resistance 1
a: Bend Time, Temporal Distortion, Slouch, Step From Time, Renounce Religion


You were on level 2 of the Snake Pit.
You worshipped Cheibriados.
Cheibriados was extremely pleased with you.
You were hungry.

You visited 6 branches of the dungeon, and saw 27 of its levels.
You also visited: Labyrinth, Sewer and Bailey.

You collected 2348 gold pieces.
You spent 1404 gold pieces at shops.

Inventory:

Hand Weapons
 a - a +3 scimitar of flaming
 b - the +4 demon blade of Entrepreneurial Spirit (weapon) {pain, rN+ Stlth+}
   (You acquired it on level 4 of the Lair of Beasts)

   In the hands of one skilled in necromantic magic, it inflicts extra damage on
   living creatures.
   It protects you from negative energy.
   It makes you more stealthy.
 B - a +0 blowgun
Missiles
 i - 6 throwing nets (quivered) {!f}
 E - 28 poisoned needles
 J - 13 curare-tipped needles
Armour
 c - a +0 shield (worn)
 s - a +0 pair of gloves (worn)
 A - a +2 cloak (worn)
 U - a +1 pair of boots (worn)
 X - a +2 plate armour of magic resistance (worn)
Jewellery
 w - a ring of poison resistance (left hand)
 K - an amulet of faith (around neck)
 O - an uncursed ring of flight
Wands
 g - a wand of disintegration (6/24)
 z - a wand of paralysis (10/24)
 C - a wand of flame (11/48)
 D - a wand of paralysis (14/24)
 M - a wand of acid (11/15)
 P - a wand of slowing (6/48)
 Z - a wand of acid (8/15)
Scrolls
 d - a scroll of magic mapping
 j - 5 scrolls of recharging
 k - 3 scrolls of enchant weapon
 o - 3 scrolls of blinking
 t - 12 scrolls of remove curse
 x - 3 scrolls of fog
 y - 4 scrolls of immolation
 I - 5 scrolls of enchant armour
 L - a scroll of brand weapon
 S - 5 scrolls of teleportation
 T - 5 scrolls of identify
 V - a scroll of summoning
 Y - a scroll of fear
Potions
 e - 8 potions of curing
 l - 5 potions of agility
 n - a potion of invisibility
 p - 3 potions of cancellation
 q - 4 potions of might
 u - 2 potions of resistance
 F - 2 potions of ambrosia
 H - a potion of cure mutation
Miscellaneous
 r - 2 sacks of spiders
 Q - a lamp of fire
 R - a box of beasts
Comestibles
 f - 15 bread rations
 h - 10 fruits
 v - 5 slices of pizza
 G - 8 meat rations
 N - 15 royal jellies


   Skills:
 - Level 13.1 Fighting
 - Level 14.0 Long Blades
 + Level 17.5 Armour
 - Level 7.5 Dodging
 - Level 15.8 Shields
 + Level 4.7 Necromancy
 - Level 10.0 Invocations
 - Level 5.0 Evocations


You had 10 spell levels left.
You knew the following spells:

 Your Spells              Type           Power        Failure   Level  Hunger
a - Repel Missiles        Chrm/Air       #.....       99%         2    ###....
i - Dispel Undead         Necr           ###.....     100%        5    ######.


Dungeon Overview and Level Annotations

Branches:
Dungeon (15/15)            Temple (1/1) D:6            Lair (6/6) D:11
  Swamp (1/4) Lair:4        Snake (2/4) Lair:4        Slime (0/5) Lair:5
    Orc (2/2) D:9             Elf (0/3) Orc:2        Vaults (0/5) D:13
 Depths (0/5) D:15

Altars:
Ashenzari
Cheibriados
Dithmenos
Elyvilon
Fedhas
Gozag
Hepliaklqana
Kikubaaqudgha
Makhleb
Nemelex Xobeh
Okawaru
Qazlal
Ru
Sif Muna
Trog
Uskayaw
Vehumet
Xom
Yredelemnul
Zin
The Shining One

Shops:
D:9 :   D:10 [   D:13 %   D:15 (   Orc:2 *?}*

Annotations:
D:11 exclusion: obsidian statue
D:14 exclusion: Roxanne, Roxanne
Lair:5 exclusion: oklob plant


Innate Abilities, Weirdness & Mutations

You are small and have problems with some larger weapons.
You are somewhat resistant to further mutation.


Message History

The naga sharpshooter magically shoots a bolt.
The bolt hits you.
You closely miss the naga warrior.
The naga warrior is heavily wounded.
You feel sick. The naga sharpshooter misses you.
The naga warrior spits poison at you. The splash of poison hits you!
You are lethally poisoned!
You resist. You block the naga warrior's attack.
The naga warrior constricts you.
You hit the naga warrior.
The naga warrior is heavily wounded.
You feel sick.
The naga sharpshooter spits poison at you.
The splash of poison hits you! You resist.
Your shield prevents you from hitting the naga warrior.
The naga warrior is heavily wounded.
You feel sick.
The naga warrior hits you with a long sword!!
You die...

.... . . ...# .. #. ##.
..# ..#. #.. ##.. #.##
#...> ##..##..# #..#
#..... #.......###
#..##.....#
..........###...NN...#
##.............N....#
#......###...)@)....#
#.......#####N)......#
##.......###...........
#....##................
##...###....![..######..
....#####!..%....# .
###...###........#
###.........#..#
#...##..####..#


You could see 2 naga warriors and 2 naga sharpshooters.

Vanquished Creatures
  The ghost of tsouns the Fencer, a journeyman DsCK of Xom (Snake:1)
  Aizul (Snake:1)
  Louise (Snake:1)
  A dire elephant (Lair:6)
  Azrael (D:15)
  Nessos (D:15)
  Snorg (Orc:1)
  A minotaur (Lab)
  A yaktaur captain (D:15)
  Josephine (D:10)
  15 hydras
  A vault guard (D:13)
  Harold (D:10)
  2 naga warriors (Snake:1)
  The ghost of PeterLawrence the Fighter, a novice MiFi of Okawaru (Bailey)
  Erica (Lair:1)
  2 centaur warriors
  7 anacondas
  4 catoblepae
  An alligator (Swamp:1)
  3 tengu warriors
  A death knight (D:13)
  19 two-headed ogres
  5 ogre magi
  6 death yaks
  Sonja (D:10)
  2 deep elf knights
  3 shock serpents
  Nergalle (D:11)
  A naga sharpshooter (Snake:1)
  A skeletal warrior (D:14)
  2 sea snakes (Snake:1)
  2 deep trolls (Orc:2)
  An unseen horror (D:13)
  A shambling mangrove (Swamp:1)
  The ghost of ololoev the Cardsharp, a novice NaFE of Nemelex Xobeh (Bailey)
  A naga ritualist (Snake:1)
  The ghost of bear the Cleaver, a novice GrFi of Makhleb (Bailey)
  A lindwurm (Lair:6)
  4 mana vipers (Snake:1)
  2 phantasmal warriors
  10 ugly things
  2 orc sorcerers
  A wolf spider (Lair:6)
  5 deep elf magi
  An oklob plant (Lair:5)
  A salamander (Snake:2)
  10 manticores
  5 cyclopes
  18 elephants
  13 black mambas
  Maurice (D:9)
  14 spiny frogs
  2 guardian serpents
  4 naga magi
  5 gargoyles
  7 komodo dragons
  2 kobold demonologists
  7 rime drakes
  An efreet (D:13)
  A tengu conjurer (D:15)
  A queen bee (Lair:4)
  6 meliai
  A queen bee (shapeshifter) (D:14)
  16 trolls
  3 polar bears
  A polar bear (shapeshifter) (D:13)
  3 hornets
  30 hippogriffs
  3 slime creatures (D:14)
  16 blink frogs
  A meliai zombie (D:11)
  8 dream sheep
  4 wraiths
  2 shadows
  8 redbacks (Snake:1)
  42 yaks
  A vampire (D:14)
  A water elemental (D:15)
  Sigmund (D:3)
  13 wyverns
  Grum (D:9)
  7 basilisks
  A hungry ghost (D:12)
  3 fire elementals (D:15)
  A steam dragon (D:14)
  8 vampire mosquitoes
  A warg (Orc:1)
  Menkaure (D:5)
  The ghost of ilikecats the Caller, an amateur MfSu (D:4)
  A swamp worm (Swamp:1)
  14 nagas
  A soldier ant (D:11)
  12 water moccasins
  Duvessa (D:5)
  8 porcupines
  5 hell hounds
  4 phantoms
  6 sky beasts
  2 eyes of draining
  29 orc warriors
  6 ice beasts
  5 black bears
  A necrophage (D:13)
  33 ogres
  20 centaurs
  18 wolves
  17 crocodiles
  7 big kobolds
  17 bullfrogs
  A wyvern zombie (D:14)
  Dowan (D:5)
  4 scorpions
  A hornet simulacrum (D:15)
  22 killer bees (Lair:4)
  12 wights
  5 howler monkeys
  7 electric eels
  10 crimson imps
  A quasit (D:7)
  2 centaur zombies
  4 bullfrog zombies
  5 jellies
  4 centaur skeletons
  17 orc wizards
  11 orc priests
  A bullfrog skeleton (D:9)
  15 hounds
  4 iguanas
  4 hell rats (Lair:4)
  Natasha (thrice) (D:2)
  17 worker ants
  A killer bee zombie (D:9)
  A hound zombie (D:8)
  A hound skeleton (D:5)
  2 worker ant zombies
  Robin (D:2)
  6 gnolls
  8 river rats (Sewer)
  14 adders
  5 shadow imps
  14 white imps
  3 oozes
  An adder skeleton (D:5)
  3 worms
  3 dart slugs
  8 leopard geckos
  75 orcs
  5 bats
  5 giant cockroaches
  20 goblins
  15 hobgoblins
  12 jackals
  5 quokkas
  6 ball pythons
  8 frilled lizards
  33 kobolds
  A leopard gecko skeleton (D:5)
  23 rats
  A fungus (Lair:5)
  A plant (Lair:5)
1038 creatures vanquished.

Vanquished Creatures (others)
  An orc priest (D:10)
  3 orc wizards
  19 fungi
  9 plants
32 creatures vanquished.

Grand Total: 1070 creatures vanquished

Notes
Turn   | Place    | Note
-------+----------+-------------------------------------------
     0 | D:1      | Duffy the Halfling Fighter began the quest for the Orb.
     0 | D:1      | Reached XP level 1. HP: 15/15 MP: 1/1
    94 | D:1      | Reached XP level 2. HP: 17/20 MP: 2/2
   204 | D:2      | Noticed Natasha
   305 | D:2      | Reached skill level 3 in Long Blades
   306 | D:2      | Reached XP level 3. HP: 12/25 MP: 3/3
  1098 | D:2      | Reached XP level 4. HP: 26/30 MP: 4/4
  1533 | D:3      | Noticed Sigmund
  1551 | D:3      | Killed Sigmund
  1551 | D:3      | Reached skill level 4 in Long Blades
  1551 | D:3      | Reached skill level 4 in Armour
  1551 | D:3      | Reached skill level 4 in Shields
  1551 | D:3      | Reached XP level 5. HP: 22/35 MP: 5/5
  1551 | D:3      | Reached XP level 6. HP: 26/41 MP: 6/6
  1839 | D:3      | Noticed an ogre
  2061 | D:4      | Noticed ilikecats's ghost (amateur MfSu)
  2596 | D:4      | Killed ilikecats's ghost
  2616 | D:3      | Reached skill level 5 in Long Blades
  2616 | D:3      | Reached skill level 5 in Shields
  2616 | D:3      | Reached XP level 7. HP: 22/45 MP: 7/7
  2932 | D:4      | Found a deep blue altar of Sif Muna.
  2936 | D:4      | Found a radiant altar of Vehumet.
  2936 | D:4      | Found an ancient bone altar of Kikubaaqudgha.
  2941 | D:4      | Reached skill level 5 in Armour
  2945 | D:4      | Identified Kikubaaqudgha's Compendium of Unholy Rites
  3513 | D:5      | Entered Level 5 of the Dungeon
  3614 | D:5      | Found an iron altar of Okawaru.
  3926 | D:5      | Found a glowing drain.
  3933 | Sewer    | Entered a sewer
  4197 | Sewer    | Reached XP level 8. HP: 26/51 MP: 8/8
  4467 | Sewer    | Reached skill level 6 in Long Blades
  4597 | Sewer    | Reached skill level 6 in Armour
  4773 | Sewer    | Reached skill level 6 in Shields
  5106 | D:5      | Found a blossoming altar of Fedhas.
  5145 | D:5      | Noticed Menkaure
  5476 | D:5      | Noticed Duvessa
  5477 | D:5      | Noticed Dowan
  5817 | D:6      | Found a staircase to the Ecumenical Temple.
  5824 | Temple   | Entered the Ecumenical Temple
  6094 | Temple   | Became a worshipper of Cheibriados the Contemplative
  6146 | D:6      | Reached skill level 7 in Long Blades
  6302 | D:6      | Reached XP level 9. HP: 45/55 MP: 9/9
  6492 | D:6      | Reached skill level 7 in Shields
  6600 | D:7      | Reached skill level 7 in Armour
  6762 | D:7      | Reached skill level 8 in Long Blades
  6863 | D:7      | Reached * piety under Cheibriados
  6920 | D:7      | Reached skill level 3 in Fighting
  6965 | D:7      | Noticed an eight-headed hydra
  7276 | D:8      | Reached skill level 4 in Fighting
  7741 | D:5      | Killed Menkaure
  7782 | D:5      | Found an opulent altar of Gozag.
  8009 | D:5      | Killed Duvessa
  8009 | D:5      | Reached skill level 9 in Long Blades
  8021 | D:5      | Killed Dowan
  8283 | D:3      | Reached XP level 10. HP: 31/65 MP: 10/10
  8566 | D:3      | Found a shimmering altar of Xom.
  8568 | D:3      | Found a glowing silver altar of Zin.
  8568 | D:3      | Found a white marble altar of Elyvilon.
  8570 | D:3      | Found a burning altar of Makhleb.
  8570 | D:3      | Found a glowing silver altar of Zin.
  8570 | D:3      | Found a shadowy altar of Dithmenos.
  8891 | D:2      | Noticed Robin
  8898 | D:2      | Reached ** piety under Cheibriados
  8921 | D:2      | Killed Robin
  9202 | D:2      | Killed Natasha
  9243 | D:2      | Noticed Natasha
  9249 | D:2      | Killed Natasha
  9249 | D:2      | Reached skill level 5 in Fighting
  9325 | D:2      | Noticed Natasha
  9339 | D:2      | Killed Natasha
  9953 | D:8      | Reached skill level 8 in Armour
  9969 | D:8      | Found a shattered altar of Ashenzari.
  9979 | D:8      | Reached *** piety under Cheibriados
  9979 | D:8      | Reached skill level 8 in Shields
 10266 | D:8      | Reached skill level 10 in Long Blades
 10491 | D:9      | Reached skill level 1 in Evocations
 10591 | D:9      | Noticed Maurice
 10623 | D:9      | Killed Maurice
 10623 | D:9      | Reached skill level 2 in Evocations
 10667 | D:9      | Found Musuf's Book Boutique.
 10716 | D:9      | Found a radiant altar of Vehumet.
 10781 | D:10     | Entered Level 10 of the Dungeon
 11178 | D:10     | Noticed Grum
 11195 | D:9      | Reached skill level 3 in Evocations
 11271 | D:9      | Killed Grum
 11378 | D:10     | Noticed Josephine
 11400 | D:10     | Killed Josephine
 11400 | D:10     | Reached skill level 11 in Long Blades
 11400 | D:10     | Reached skill level 4 in Evocations
 11400 | D:10     | Reached XP level 11. HP: 69/71 MP: 12/14
 11550 | D:9      | Reached skill level 5 in Evocations
 11721 | D:10     | Noticed Nergalle
 11827 | D:10     | Reached **** piety under Cheibriados
 11961 | D:11     | Noticed Harold
 11969 | D:11     | Noticed a brown ugly thing
 11974 | D:11     | Killed Nergalle
 11992 | D:10     | Killed Harold
 11992 | D:10     | Reached skill level 9 in Armour
 11992 | D:10     | Reached skill level 9 in Shields
 12211 | D:10     | Found Meir's Antique Armour Boutique.
 12226 | D:10     | Noticed Sonja
 12245 | D:10     | Reached skill level 1 in Invocations
 12276 | D:10     | Killed Sonja
 12276 | D:10     | Reached skill level 2 in Invocations
 12558 | D:10     | Noticed a manticore
 12570 | D:10     | HP: 3/71 [manticore (9)]
 12886 | D:9      | Noticed a manticore
 12893 | D:9      | Killed a manticore
 12893 | D:9      | Reached skill level 3 in Invocations
 13151 | D:10     | Reached skill level 12 in Long Blades
 13354 | D:9      | Noticed a two-headed ogre
 13365 | D:10     | Killed a two-headed ogre
 13365 | D:10     | Reached skill level 4 in Invocations
 13614 | D:10     | Reached XP level 12. HP: 77/77 MP: 12/15
 14054 | D:11     | Reached skill level 5 in Invocations
 14519 | D:11     | Reached ***** piety under Cheibriados
 14844 | D:11     | Reached skill level 6 in Invocations
 15432 | D:11     | Noticed a two-headed ogre
 15444 | D:11     | Killed a two-headed ogre
 15647 | D:11     | Reached skill level 7 in Invocations
 15869 | D:11     | Reached skill level 13 in Long Blades
 15922 | D:11     | Noticed a two-headed ogre
 15936 | D:11     | Killed a two-headed ogre
 16023 | D:11     | Found a staircase to the Lair.
 16318 | D:11     | Found an iron altar of Okawaru.
 16458 | D:9      | Reached skill level 8 in Invocations
 16827 | D:7      | Killed a nine-headed hydra
 17007 | D:7      | Found a hide-covered altar of Uskayaw.
 17058 | D:7      | Identified Hugirad's Catalogue of Aid and Black Rituals
 17064 | D:7      | Learned a level 2 spell: Repel Missiles
 17701 | D:9      | Reached XP level 13. HP: 83/83 MP: 19/19
 17711 | D:9      | Found a staircase to the Orcish Mines.
 18169 | Orc:1    | Entered Level 1 of the Orcish Mines
 18222 | D:9      | Reached skill level 6 in Fighting
 18741 | Lair:1   | Entered Level 1 of the Lair of Beasts
 18741 | Lair:1   | Noticed Erica
 18747 | Lair:1   | Killed Erica
 19120 | Lair:1   | Noticed a seven-headed hydra
 19129 | Lair:1   | Killed a two-headed hydra
 19129 | Lair:1   | Reached skill level 7 in Fighting
 19380 | Lair:1   | Reached skill level 14 in Long Blades
 19503 | Lair:1   | Noticed a seven-headed hydra
 19513 | Lair:1   | Killed a two-headed hydra
 20070 | Lair:2   | Reached skill level 9 in Invocations
 20070 | Lair:2   | Reached skill level 8 in Fighting
 21229 | Lair:2   | Noticed a six-headed hydra
 21237 | Lair:2   | Killed a two-headed hydra
 21237 | Lair:2   | Reached skill level 10 in Invocations
 21455 | Lair:2   | Reached skill level 9 in Fighting
 22047 | Lair:3   | Reached XP level 14. HP: 89/97 MP: 21/21
 22722 | Lair:4   | Found a staircase to the Swamp.
 22826 | Lair:4   | Reached skill level 1 in Dodging
 22892 | Lair:4   | Reached skill level 2 in Dodging
 22901 | Lair:4   | Reached skill level 10 in Shields
 22901 | Lair:4   | Reached skill level 3 in Dodging
 23173 | Lair:4   | Found a staircase to the Snake Pit.
 23418 | Lair:4   | Reached skill level 4 in Dodging
 24183 | Lair:5   | Reached skill level 5 in Dodging
 24211 | Lair:5   | Reached skill level 11 in Shields
 24504 | Lair:5   | Reached skill level 6 in Dodging
 24516 | Lair:5   | Found a staircase to the Slime Pits.
 24549 | Lair:5   | Reached ****** piety under Cheibriados
 24934 | Lair:5   | Reached skill level 7 in Dodging
 25312 | Lair:5   | Reached skill level 12 in Shields
 25521 | Lair:6   | Entered Level 6 of the Lair of Beasts
 25736 | Lair:6   | Reached XP level 15. HP: 102/102 MP: 22/22
 25740 | Lair:6   | Reached skill level 10 in Armour
 26403 | Lair:6   | Reached skill level 10 in Fighting
 27123 | Lair:6   | Reached skill level 13 in Shields
 27264 | Lair:6   | Reached skill level 11 in Armour
 28792 | D:12     | Reached XP level 16. HP: 98/111 MP: 23/23
 28946 | D:12     | Identified a scroll of acquirement
 29271 | Orc:2    | Entered Level 2 of the Orcish Mines
 29283 | Orc:2    | Reached skill level 11 in Fighting
 29313 | Orc:1    | Noticed Snorg
 29322 | Orc:1    | Killed Snorg
 29695 | Orc:2    | Reached skill level 12 in Armour
 29714 | Orc:2    | Reached skill level 14 in Shields
 29757 | Orc:2    | Found Foxeamn's Assorted Antiques.
 29761 | Orc:2    | Found Taceegri's Magic Scroll Emporium.
 29764 | Orc:2    | Found Xibeg's Gadget Boutique.
 29765 | Orc:2    | Found Xaoth's General Store.
 30177 | Orc:2    | Found a staircase to the Elven Halls.
 30758 | Orc:2    | Bought a scroll of fog for 66 gold pieces
 30758 | Orc:2    | Bought a brown potion for 29 gold pieces
 30763 | Orc:2    | Bought a scroll of identify for 30 gold pieces
 30763 | Orc:2    | Bought a scroll of magic mapping for 52 gold pieces
 30763 | Orc:2    | Bought a scroll of identify for 30 gold pieces
 30763 | Orc:2    | Bought a scroll of identify for 30 gold pieces
 30763 | Orc:2    | Bought a scroll of fear for 52 gold pieces
 30763 | Orc:2    | Bought a scroll of identify for 30 gold pieces
 30763 | Orc:2    | Bought a scroll of identify for 30 gold pieces
 30763 | Orc:2    | Bought a scroll of identify for 30 gold pieces
 30771 | Orc:2    | Bought a potion of agility for 68 gold pieces
 31006 | D:13     | Found a labyrinth entrance.
 31020 | D:13     | Found Rakoir's Food Emporium.
 31024 | D:13     | Found a flagged portal.
 31037 | Bailey   | Entered a bailey
 31048 | Bailey   | Noticed ololoev's ghost (novice NaFE)
 31070 | Bailey   | Killed ololoev's ghost
 31176 | Bailey   | Noticed bear's ghost (novice GrFi)
 31176 | Bailey   | Noticed PeterLawrence's ghost (novice MiFi)
 31183 | Bailey   | Killed bear's ghost
 31186 | Bailey   | Killed PeterLawrence's ghost
 31308 | Lab      | Entered a labyrinth
 31745 | Lab      | Identified the Incunabulum of Malediction and Venom
 31861 | D:13     | Reached skill level 13 in Armour
 32124 | D:13     | Found a gate to the Vaults.
 32284 | D:13     | Reached skill level 12 in Fighting
 33333 | D:14     | Reached XP level 17. HP: 119/119 MP: 24/24
 33361 | D:14     | Reached skill level 14 in Armour
 33659 | D:14     | Noticed Roxanne
 34136 | D:13     | Reached skill level 15 in Shields
 34567 | D:15     | Entered Level 15 of the Dungeon
 34884 | D:15     | Found Futono's Antique Weapon Emporium.
 34973 | D:15     | Noticed Azrael
 34992 | D:15     | Killed Azrael
 35018 | D:15     | Noticed Nessos
 35020 | D:15     | Killed Nessos
 35206 | D:15     | Reached skill level 15 in Armour
 36037 | D:15     | Found a staircase to the Depths.
 36068 | D:15     | Reached skill level 13 in Fighting
 36713 | Orc:2    | Bought a runed plate armour for 957 gold pieces
 36995 | Swamp:1  | Entered Level 1 of the Swamp
 37456 | Swamp:1  | Reached skill level 16 in Armour
 37498 | Lair:4   | Got an iridescent demon blade
 37499 | Lair:4   | Identified the +4 demon blade of Entrepreneurial Spirit {pain, rN+ Stlth+} (You acquired it on level 4 of the Lair of Beasts)
 37743 | D:7      | Learned a level 5 spell: Dispel Undead
 37980 | Snake:1  | Entered Level 1 of the Snake Pit
 37984 | Snake:1  | Noticed Louise
 37999 | Snake:1  | Killed Louise
 37999 | Snake:1  | Reached skill level 1 in Necromancy
 38238 | Snake:1  | Noticed tsouns's ghost (journeyman DsCK)
 38273 | Snake:1  | Killed tsouns's ghost
 38273 | Snake:1  | Reached skill level 2 in Necromancy
 38727 | Snake:1  | Reached XP level 18. HP: 124/128 MP: 25/25
 38836 | Snake:1  | Reached skill level 3 in Necromancy
 39088 | Snake:1  | Reached skill level 17 in Armour
 39231 | Snake:1  | Found a shattered altar of Ashenzari.
 39236 | Snake:1  | Noticed Aizul
 39251 | Snake:1  | Killed Aizul
 39590 | Snake:1  | Reached skill level 4 in Necromancy
 40327 | Snake:2  | Mangled by a naga warrior

Vault maps used:
D:1:      matt_arrival_diagonals
D:2:      serial_bayou_pond_d, uniq_natasha, uniq_robin
D:3:      corexii_shack_village, doesnt_xom_only_xom, uniq_sigmund
D:4:      grunt_temple_overflow_magic_moments, minmay_misc_feat_alley
D:5:      grunt_gozag_breadcrumbs, nicolae_overflow_crystal_walls,
          okawaru_trees_1, first_bread, lightli_sewer_entry_pipes,
          uniq_menkaure, uniq_duvessa
D:7:      kennysheep_mini_moat
D:8:      grunt_pizzeria, evilmike_ruin_ashenzari
D:9:      erik_orc_2, serial_shops, shop_statue, lemuel_statue_altar,
          uniq_maurice
D:10:     serial_shops, shop, uniq_nergalle, uniq_josephine, uniq_sonja,
          uniq_grum
D:11:     minmay_lair_entry_lava, basic_altar, minmay_statue_bubble, uniq_harold
D:13:     david_vaults_5, lab_entry_generic, enter_bailey_2, serial_shops, shop
D:14:     nrook_uturn, uniq_roxanne
D:15:     hangedman_depths_entry_civil_slaughter, hangedman_decor_slide_cut,
          serial_ice, serial_ice_e, serial_ice_j, serial_ice_c, serial_ice_f,
          serial_shops, shop, minivault_25, uniq_nessos, uniq_azrael
Temple:   oiseaux_autumnal_temple
Lair:1:   uniq_erica
Lair:3:   grunt_megastairs_4, serial_bayou_shore_a, infiniplex_staircase_pool_2
Lair:4:   swamp_mist_pool, minmay_snake_entry_guardpost_small, special_room
Lair:5:   minmay_slime_entry_oklob_open, special_room, minmay_lair_oklob_items,
          hangedman_lair_unloving_vines
Lair:6:   hangedman_lair_in_review, lemuel_fruit_fields
Swamp:1:  evilmike_swamp_ruin_house_1
Snake:1:  basic_altar, spider_trap, serial_bayou_lagoon_a, grunt_megastairs_1,
          uniq_louise, uniq_aizul
Snake:2:  serial_bayou_shore_b
Orc:1:    uniq_snorg
Orc:2:    st_orc_open, portal_ice_cave_entry_imps, rock_pile
Lab:      labyrinth_watery, labyrinth_glass_1
Sewer:    sewer_minmay_treatment
Bailey:   bailey_polearm_flooded_kennysheep, bailey

Skill      XL: |  1  2  3  4  5  6  7  8  9 10 11 12 13 14 15 16 17 18 |
---------------+-------------------------------------------------------+-----
Long Blades    | 3 4 5 7 9 11 12 13 14 | 14.0
Armour         | 4 5 6 7 8 9 11 13 16 17 | 17.5
Shields        | 4 5 6 7 8 9 12 13 14 15 | 15.8
Fighting       | 4 5 9 10 12 13 | 13.1
Evocations     | 4 5 |  5.0
Invocations    | 4 8 10 | 10.0
Dodging        | 7 |  7.5
Necromancy     | 2 4 |  4.7

Action                   |  1- 3 |  4- 6 |  7- 9 | 10-12 | 13-15 | 16-18 || total
-------------------------+-------+-------+-------+-------+-------+-------++-------
Melee: Long sword        |    85 |   160 |   648 |   856 |       |       ||  1749
       Scimitar          |       |       |       |   166 |  1039 |   903 ||  2108
       Demon blade       |       |       |       |       |       |   286 ||   286
 Fire: Blowgun           |       |       |       |    20 |       |       ||    20
Invok: Bend Time         |       |       |       |     3 |    11 |     4 ||    18
       Temporal Distorti |       |       |       |     3 |       |     1 ||     4
       Slouch            |       |       |       |     1 |    12 |    20 ||    33
Evoke: Wand              |       |       |       |     9 |    13 |     9 ||    31
  Use: Potion            |       |     4 |     4 |     9 |       |     5 ||    22
       Scroll            |       |       |     8 |    12 |    11 |    16 ||    47
 Stab: Invisible         |       |       |       |     6 |       |       ||     6
       Paralysed         |       |       |       |     6 |     2 |       ||     8
       Petrified         |       |       |       |       |     2 |       ||     2
       Petrifying        |       |       |       |       |     1 |       ||     1
  Eat: Chunk             |       |     3 |     8 |     8 |    18 |    10 ||    47
       Bread ration      |       |     2 |       |     1 |       |       ||     3
       Pizza             |       |       |     2 |       |     1 |     4 ||     7
       Royal jelly       |       |       |       |     1 |     1 |       ||     2
       Beef jerky        |       |       |       |     2 |       |     3 ||     5
       Fruit             |       |       |       |       |       |     4 ||     4
Armor: Scale mail        |     6 |       |       |       |       |       ||     6
       Plate armour      |    36 |   136 |   384 |   393 |   398 |   326 ||  1673
Dodge: Dodged            |    30 |    52 |   147 |   206 |   393 |   601 ||  1429
Block: Shield            |    44 |    91 |   422 |   651 |   786 |  1136 ||  3130
       Rpst.: Long sword |    13 |    11 |    47 |    54 |       |       ||   125
       Scimitar          |       |       |       |     6 |    93 |    74 ||   173
       Demon blade       |       |       |       |       |       |    23 ||    23
